Capitals vs Blackhawks

Created - 11 novembre 2015 at 23:18

Goals
1 2 3 OT1 T
Capitals 0 5 1 1 7
Blackhawks 1 2 3 0 6
Shots
1 2 3 OT1 T
Capitals 3 15 15 2 35
Blackhawks 13 8 9 0 30

1st period

1. Blackhawks , Chris Higgins 9 (Pierre-Marc Bouchard) at 7:58 (PP)

Penalties :
Keith Yandle (Was) for High sticking (Minor) at 3:36, Marek Zidlicky (Was) for Boarding (Minor) at 7:24, Marek Zidlicky (Was) for Hooking (Minor) at 11:18

2nd period

2. Capitals , Thomas Vanek 11 (Pavel Datsyuk) at 7:02 (PP)
3. Capitals , Stephen Weiss 4 (Thomas Vanek, Brent Seabrook) at 7:37
4. Capitals , Mikael Samuelsson 2 (David Krejci, Mark Streit) at 8:59
5. Capitals , Mikael Samuelsson 3 (Keith Yandle) at 10:45
6. Blackhawks , Robert Nilsson 6 (Kris Versteeg, Chris Higgins) at 10:59
7. Blackhawks , Jamie Langenbrunner 2 (Viktor Kozlov) at 13:01
8. Capitals , Stephen Weiss 5 (Patrik Elias, Mark Streit) at 15:26 (PP)

Penalties :
Thomas Vanek (Was) for Interference (Minor) at 0:47, Steve Bernier (Chi) for Hooking (Minor) at 7:01, Jeff Schultz (Chi) for Cross-checking (Minor) at 14:29, Patrik Elias (Was) for Holding (Minor) at 16:00

3rd period

9. Capitals , Pavel Datsyuk 7 (Duncan Keith, Thomas Vanek) at 2:02 (PP)
10. Blackhawks , Sheldon Keefe 4 (Wes O'Neill) at 12:03
11. Blackhawks , Robert Nilsson 7 (Chris Higgins, Kris Versteeg) at 17:42
12. Blackhawks , Daniel Carcillo 3 (Sheldon Keefe, Dominic Moore) at 17:52

Penalties :
Jocelyn Thibault (Chi) for Slashing (Minor) at 1:52 - Henrik Zetterberg served the penalty, Chris Higgins (Chi) for Hooking (Minor) at 2:30, Brian Campbell (Was) for Hooking (Minor) at 6:54

Overtime #1

13. Capitals , Pavel Datsyuk 8 (Duncan Keith, Thomas Vanek) at 0:16

Penalties :
No Penalty

Goalie Stats

Jaroslav Halak (Was), 24 saves from 30 shots - (0,800), W, 10-5-1, 60:16 minutes
Jocelyn Thibault (Chi), 18 saves from 21 shots - (0,857), OTL, 0-1-3, 29:31 minutes
Tyler Weiman (Chi), 10 saves from 14 shots - (0,714), 30:45 minutes

Players Stats for Capitals

Player Name              G  A  P  +/- PIM S  H  SB GA TA FO     MP     PP MP  PK MP  
------------------------------------------------------------------------------------
Brent Seabrook           0  1  1   0  0   2  1  3  0  0  0/0    28:50   2:12   5:33 
Brian Campbell           0  0  0  -1  2   0  0  1  1  1  0/0    16:27   0:00   0:21 
David Krejci             0  1  1   1  0   1  1  0  0  2  0/1     8:31   0:00   0:00 
Duncan Keith             0  2  2   0  0   0  0  1  1  2  0/0    28:17   2:12   5:21 
Jakub Voracek            0  0  0   0  0   0  2  0  0  0  0/0    12:38   0:04   0:00 
James Neal               0  0  0  -2  0   1  2  1  0  0  1/2    17:05   0:04   1:42 
Keith Yandle             0  1  1   0  2   1  0  0  0  0  0/0    11:04   0:00   1:08 
Marek Zidlicky           0  0  0   0  4   2  2  0  0  0  0/0    14:33   0:55   3:29 
Mark Streit              0  2  2  -1  0   3  3  1  0  0  0/0    21:41   0:55   5:06 
Matt Martin              0  0  0   1  0   0  1  0  0  0  1/1    10:07   0:04   0:00 
Mikael Samuelsson        2  0  2   1  0   3  0  1  0  0  0/0    11:06   0:00   2:21 
Patrik Elias             0  1  1  -1  2   2  1  0  0  0  0/0    15:39   1:31   3:07 
Pavel Datsyuk            2  1  3  -1  0   6  1  1  1  0  21/34  21:41   1:32   5:25 
Phil Kessel              0  0  0  -2  0   4  0  0  2  0  0/0    15:18   1:32   0:00 
Ryan Callahan            0  0  0  -1  0   3  2  1  0  0  0/1    12:00   1:31   0:00 
Stephen Weiss            2  0  2   0  0   3  0  0  1  0  6/11   16:14   1:31   3:19 
Thomas Vanek             1  3  4   1  2   3  0  0  0  0  2/2    18:16   1:32   4:31 
Tyler Johnson            0  0  0  -1  0   1  0  1  0  0  1/4    11:02   0:00   0:33 

Players Stats for Blackhawks

Player Name              G  A  P  +/- PIM S  H  SB GA TA FO     MP     PP MP  PK MP  
------------------------------------------------------------------------------------
Andy Rogers              0  0  0   2  0   0  0  0  0  0  0/0    17:43   1:16   2:17 
Brent Burns              0  0  0  -1  0   0  6  2  1  0  0/0    26:49   6:03   1:11 
Chris Campoli            0  0  0   0  0   0  1  1  1  0  0/0    19:58   4:26   1:26 
Chris Higgins            1  2  3   1  2   7  0  0  0  2  0/0    22:37   4:44   0:00 
Daniel Carcillo          1  0  1   2  0   3  1  0  0  0  0/0    10:54   0:00   0:40 
Dominic Moore            0  1  1   2  0   0  2  0  1  0  3/5    11:10   0:00   1:45 
Henrik Zetterberg        0  0  0  -2  0   1  4  2  0  1  1/3    17:29   5:45   0:00 
Jamie Langenbrunner      1  0  1   1  0   2  1  1  1  0  0/1     9:10   0:00   1:45 
Jeff Schultz             0  0  0  -1  2   0  0  1  0  0  0/0    25:28   4:22   1:20 
Kris Versteeg            0  2  2   0  0   3  1  0  0  2  3/4    23:59   5:45   0:00 
Pierre-Marc Bouchard     0  1  1  -2  0   0  1  0  0  1  6/8    16:45   4:44   0:21 
Robert Nilsson           2  0  2   0  0   8  3  0  1  0  9/30   23:59   5:45   0:00 
Ryan Malone              0  0  0   1  0   1  0  0  0  0  0/0     7:14   0:00   0:00 
Sheldon Keefe            1  1  2   2  0   2  1  0  0  0  0/1    10:29   0:00   1:01 
Steve Bernier            0  0  0  -2  2   0  0  0  0  0  0/1    16:18   4:44   0:00 
Victor Hedman            0  0  0  -1  0   1  0  1  0  0  0/0    14:50   4:51   0:00 
Viktor Kozlov            0  1  1   1  0   1  0  1  0  0  2/3     7:56   0:00   0:42 
Wes O'Neill              0  1  1   3  0   1  3  0  0  0  0/0    15:06   0:00   0:00 

3 Stars

1 - Pavel Datsyuk (Was)
2 - Robert Nilsson (Chi)
3 - Thomas Vanek (Was)

Power Play

Capitals - 3 on 4 Attempt(s) - 75,00%
Blackhawks - 1 on 6 Attempt(s) - 16,67%

Penalty Kill

Capitals - 5 on 6 Attempt(s) - 83,33% - Score 0 goal in Penalty Kill
Blackhawks - 1 on 4 Attempt(s) - 25,00% - Score 0 goal in Penalty Kill

Team Stat

Capitals - Hits : 16 - Faceoff Wins : 32 - Blocked Shots : 11 - Penalty Minutes : 12
Blackhawks - Hits : 24 - Faceoff Wins : 24 - Blocked Shots : 9 - Penalty Minutes : 6

Official

Referees : Banfield David and Sutherland Kelly
Linesman : Derek Amell and Pierre Champoux

Game Notes

Jocelyn Thibault enters game at 10:45 of 2nd period
Victor Hedman is injured at 5:47 of 3rd period (Bruised Right Arm)

Finance

Level 1 -- Attendance: 3980 (66,33%) -- Ticket Income 437 800 $
Level 2 -- Attendance: 3897 (77,94%) -- Ticket Income 229 923 $
Level 3 -- Attendance: 1422 (71,10%) -- Ticket Income 55 458 $
Level 4 -- Attendance: 2230 (55,75%) -- Ticket Income 78 050 $
Luxury Box -- Attendance: 606 (60,60%) -- Ticket Income 127 260 $
Game was played at the Chicago Stadium'
Total Attendance: 12135 (67,42%)
Total Ticket Income: 928 491 $
Other Income: 139 274 $
Total Income: 1 067 765 $

Capitals

5 vs 5 Forward 
   Center                   Left Wing                Right Wing               Time % Phy DF OF 
 1 Pavel Datsyuk            James Neal               Phil Kessel              40     1   2  2  
 2 Stephen Weiss            Thomas Vanek             Jakub Voracek            30     1   2  2  
 3 Tyler Johnson            Patrik Elias             Ryan Callahan            25     1   2  2  
 4 David Krejci             Matt Martin              Mikael Samuelsson        5      1   2  2  

5 vs 5 Defense 
   Defense                  Defense                                           Time % Phy DF OF 
 1 Brent Seabrook           Duncan Keith                                      40     1   2  2  
 2 Mark Streit              Brian Campbell                                    30     1   2  2  
 3 Marek Zidlicky           Keith Yandle                                      20     1   2  2  
 4 Brent Seabrook           Duncan Keith                                      10     1   2  2  

PowerPlay Forward 
   Center                   Left Wing                Right Wing               Time % Phy DF OF 
 1 Pavel Datsyuk            Thomas Vanek             Phil Kessel              60     1   2  2  
 2 Stephen Weiss            Patrik Elias             Ryan Callahan            40     1   2  2  

PowerPlay Defense
   Defense                  Defense                                           Time % Phy DF OF 
 1 Brent Seabrook           Duncan Keith                                      60     1   2  2  
 2 Mark Streit              Marek Zidlicky                                    40     1   2  2  

Penalty Kill 4 Players Forward 
   Center                   Wing                     Time % Phy DF OF 
 1 Pavel Datsyuk            Thomas Vanek             60     1   2  2  
 2 Stephen Weiss            Patrik Elias             40     1   2  2  

Penalty Kill 4 Players Defense
   Defense                  Defense                  Time % Phy DF OF 
 1 Brent Seabrook           Duncan Keith             60     1   2  2  
 2 Mark Streit              Marek Zidlicky           40     1   2  2  

Penalty Kill - 3 Players Forward 
   Forward                                           Time % Phy DF OF 
 1 Pavel Datsyuk                                     60     1   2  2  
 2 Thomas Vanek                                      40     1   2  2  

Penalty Kill - 3 Players Defense
   Defense                  Defense                  Time % Phy DF OF 
 1 Brent Seabrook           Duncan Keith             60     1   2  2  
 2 Mark Streit              Marek Zidlicky           40     1   2  2  

4 vs 4 Forward 
   Center                   Wing                     Time % Phy DF OF 
 1 Pavel Datsyuk            Thomas Vanek             60     1   2  2  
 2 Stephen Weiss            Patrik Elias             40     1   2  2  

4 vs 4 Defense
   Defense                  Defense                  Time % Phy DF OF 
 1 Brent Seabrook           Duncan Keith             60     1   2  2  
 2 Mark Streit              Marek Zidlicky           40     1   2  2  

Last Minutes Offensive
   Center                   Left Wing                Right Wing               Defense                  Defense                  
   Pavel Datsyuk            Thomas Vanek             Phil Kessel              Brent Seabrook           Duncan Keith             

Last Minutes Defensive
   Center                   Left Wing                Right Wing               Defense                  Defense                  
   Pavel Datsyuk            Thomas Vanek             Phil Kessel              Brent Seabrook           Duncan Keith             

Goaltenders
Starting : Jaroslav Halak           
Backup : Tim Thomas               

Extra Forwards
Normal : James Neal, Matt Martin, Mikael Samuelsson - PP : James Neal, Matt Martin - PK : Mikael Samuelsson
Extra Defensemen
Normal : Brian Campbell, Keith Yandle, Mark Streit - PP : Brian Campbell - PK : Keith Yandle, Mark Streit
Penalty Shots
Pavel Datsyuk, Thomas Vanek, Stephen Weiss, Patrik Elias, James Neal

Blackhawks

5 vs 5 Forward 
   Center                   Left Wing                Right Wing               Time % Phy DF OF 
 1 Robert Nilsson           Chris Higgins            Kris Versteeg            40     1   2  2  
 2 Pierre-Marc Bouchard     Henrik Zetterberg        Steve Bernier            30     1   2  2  
 3 Dominic Moore            Daniel Carcillo          Sheldon Keefe            20     1   2  2  
 4 Viktor Kozlov            Ryan Malone              Jamie Langenbrunner      10     1   2  2  

5 vs 5 Defense 
   Defense                  Defense                                           Time % Phy DF OF 
 1 Brent Burns              Jeff Schultz                                      40     1   2  2  
 2 Andy Rogers              Wes O'Neill                                       30     1   2  2  
 3 Victor Hedman            Chris Campoli                                     20     1   2  2  
 4 Brent Burns              Jeff Schultz                                      10     1   2  2  

PowerPlay Forward 
   Center                   Left Wing                Right Wing               Time % Phy DF OF 
 1 Robert Nilsson           Henrik Zetterberg        Kris Versteeg            60     1   2  2  
 2 Pierre-Marc Bouchard     Chris Higgins            Steve Bernier            40     1   2  2  

PowerPlay Defense
   Defense                  Defense                                           Time % Phy DF OF 
 1 Brent Burns              Victor Hedman                                     60     1   2  2  
 2 Jeff Schultz             Chris Campoli                                     40     1   2  2  

Penalty Kill 4 Players Forward 
   Center                   Wing                     Time % Phy DF OF 
 1 Dominic Moore            Jamie Langenbrunner      60     1   2  2  
 2 Viktor Kozlov            Sheldon Keefe            40     1   2  2  

Penalty Kill 4 Players Defense
   Defense                  Defense                  Time % Phy DF OF 
 1 Andy Rogers              Jeff Schultz             60     1   2  2  
 2 Brent Burns              Chris Campoli            40     1   2  2  

Penalty Kill - 3 Players Forward 
   Forward                                           Time % Phy DF OF 
 1 Henrik Zetterberg                                 60     1   2  2  
 2 Dominic Moore                                     40     1   2  2  

Penalty Kill - 3 Players Defense
   Defense                  Defense                  Time % Phy DF OF 
 1 Brent Burns              Jeff Schultz             60     1   2  2  
 2 Andy Rogers              Chris Campoli            40     1   2  2  

4 vs 4 Forward 
   Center                   Wing                     Time % Phy DF OF 
 1 Robert Nilsson           Kris Versteeg            60     1   2  2  
 2 Pierre-Marc Bouchard     Henrik Zetterberg        40     1   2  2  

4 vs 4 Defense
   Defense                  Defense                  Time % Phy DF OF 
 1 Brent Burns              Jeff Schultz             60     1   2  2  
 2 Andy Rogers              Chris Campoli            40     1   2  2  

Last Minutes Offensive
   Center                   Left Wing                Right Wing               Defense                  Defense                  
   Robert Nilsson           Henrik Zetterberg        Kris Versteeg            Brent Burns              Jeff Schultz             

Last Minutes Defensive
   Center                   Left Wing                Right Wing               Defense                  Defense                  
   Robert Nilsson           Henrik Zetterberg        Kris Versteeg            Brent Burns              Jeff Schultz             

Goaltenders
Starting : Tyler Weiman             
Backup : Jocelyn Thibault         

Extra Forwards
Normal : Dominic Moore, Daniel Carcillo, Sheldon Keefe - PP : Dominic Moore, Daniel Carcillo - PK : Sheldon Keefe
Extra Defensemen
Normal : Victor Hedman, Wes O'Neill, Andy Rogers - PP : Victor Hedman - PK : Chris Campoli, Andy Rogers
Penalty Shots
Henrik Zetterberg, Steve Bernier, Kris Versteeg, Pierre-Marc Bouchard, Robert Nilsson

% Time on Ice - Capitals

Lines # - Real PCT - Wanted PCT - Time Play
Normal Forward
1 - 34% - 40% - 15:46
2 - 25% - 30% - 11:38
3 - 23% - 25% - 10:29
4 - 18% - 5% - 8:31
Normal Defense
1 - 41% - 40% - 19:13
2 - 35% - 30% - 16:07
3 - 21% - 20% - 9:49
4 - 3% - 10% - 1:15
PP Forward
1 - 51% - 60% - 1:36
2 - 49% - 40% - 1:31
PP Defense
1 - 71% - 60% - 2:12
2 - 29% - 40% - 0:55
PK Forward
1 - 68% - 60% - 7:10
2 - 32% - 40% - 3:19
PK Defense
1 - 51% - 60% - 5:21
2 - 49% - 40% - 5:08
PK3 Forward
1 - 0% - 60%
2 - 0% - 40%
PK3 Defense
1 - 0% - 60%
2 - 0% - 40%
44 Forward
1 - 100% - 60% - 0:16
2 - 0% - 40% - 0:00
44 Defense
1 - 100% - 60% - 0:16
2 - 0% - 40% - 0:00
Last Minute Offensive  - 0:00
Last Minute Defensive  - 0:00
Total
Forward - 60:16
Defense - 60:16

% Time on Ice - Blackhawks

Lines # - Real PCT - Wanted PCT - Time Play
Normal Forward
1 - 40% - 40% - 18:28
2 - 25% - 30% - 11:35
3 - 20% - 20% - 9:07
4 - 16% - 10% - 7:14
Normal Defense
1 - 39% - 40% - 18:01
2 - 29% - 30% - 13:35
3 - 29% - 20% - 13:27
4 - 3% - 10% - 1:21
PP Forward
1 - 55% - 60% - 5:45
2 - 45% - 40% - 4:44
PP Defense
1 - 58% - 60% - 6:07
2 - 42% - 40% - 4:22
PK Forward
1 - 78% - 60% - 2:25
2 - 22% - 40% - 0:42
PK Defense
1 - 73% - 60% - 2:17
2 - 27% - 40% - 0:50
PK3 Forward
1 - 0% - 60%
2 - 0% - 40%
PK3 Defense
1 - 0% - 60%
2 - 0% - 40%
44 Forward
1 - 100% - 60% - 0:16
2 - 0% - 40% - 0:00
44 Defense
1 - 100% - 60% - 0:16
2 - 0% - 40% - 0:00
Last Minute Offensive  - 0:00
Last Minute Defensive  - 0:00
Total
Forward - 60:16
Defense - 60:16

Play by Play

1st period


0:01 of 1st period - Pavel Datsyuk wins face-off versus Robert Nilsson in neutral zone.
0:11 of 1st period - Snap shot by Kris Versteeg.
0:11 of 1st period - Deflect By Robert Nilsson.
0:11 of 1st period - Stopped by Jaroslav Halak without a rebound.
0:12 of 1st period - Stephen Weiss wins face-off versus Steve Bernier in Capitals zone.
0:37 of 1st period - Wes O'Neill is hit by Matt Martin.
0:47 of 1st period - Wrist shot by Pierre-Marc Bouchard.
0:47 of 1st period - Deflect By Brian Campbell.
0:47 of 1st period - Shot Misses the Net.
0:47 of 1st period - Puck is out of play.
0:48 of 1st period - Tyler Johnson wins face-off versus Sheldon Keefe in Capitals zone.
1:15 of 1st period - Slapshot by Victor Hedman.
1:15 of 1st period - Stopped by Jaroslav Halak with a rebound.
1:41 of 1st period - Slapshot by Jamie Langenbrunner.
1:41 of 1st period - Stopped by Jaroslav Halak without a rebound.
1:42 of 1st period - Pavel Datsyuk wins face-off versus Robert Nilsson in Capitals zone.
1:57 of 1st period - Wrist shot by Phil Kessel.
1:57 of 1st period - Shot Misses the Net.
2:09 of 1st period - Brent Seabrook is hit by Sheldon Keefe and loses puck.
3:36 of 1st period - Minor Penalty to Keith Yandle for High sticking.
3:37 of 1st period - Robert Nilsson wins face-off versus Pavel Datsyuk in Capitals zone.
3:39 of 1st period - Wrist shot by Robert Nilsson.
3:39 of 1st period - Shot Misses the Net.
3:41 of 1st period - Snap shot by Robert Nilsson.
3:41 of 1st period - Stopped by Jaroslav Halak without a rebound.
3:42 of 1st period - Pavel Datsyuk wins face-off versus Henrik Zetterberg in Capitals zone.
4:17 of 1st period - Snap shot by Kris Versteeg.
4:17 of 1st period - Shot Misses the Net.
4:19 of 1st period - Snap shot by Kris Versteeg.
4:19 of 1st period - Stopped by Jaroslav Halak without a rebound.
4:20 of 1st period - Pierre-Marc Bouchard wins face-off versus Pavel Datsyuk in Capitals zone.
4:23 of 1st period - Snap shot by Chris Higgins.
4:23 of 1st period - Stopped by Jaroslav Halak with a rebound.
4:25 of 1st period - Snap shot by Chris Higgins.
4:25 of 1st period - Stopped by Jaroslav Halak with a rebound.
5:36 of 1st period - Penalty to Keith Yandle is over, Keith Yandle is back on ice.
6:03 of 1st period - Slapshot by Duncan Keith.
6:03 of 1st period - Shot Misses the Net.
6:05 of 1st period - Slapshot by Duncan Keith.
6:05 of 1st period - Shot Blocked by Jamie Langenbrunner.
6:07 of 1st period - Slapshot by Brent Seabrook.
6:07 of 1st period - Stopped by Tyler Weiman with a rebound.
6:09 of 1st period - Snap shot by Pavel Datsyuk.
6:09 of 1st period - Shot Blocked by Viktor Kozlov.
7:24 of 1st period - Minor Penalty to Marek Zidlicky for Boarding.
7:25 of 1st period - Henrik Zetterberg wins face-off versus Pavel Datsyuk in Capitals zone.
7:48 of 1st period - Snap shot by Chris Higgins.
7:48 of 1st period - Deflect By Pierre-Marc Bouchard.
7:48 of 1st period - Shot Misses the Net.
7:48 of 1st period - Puck is out of play.
7:49 of 1st period - Pierre-Marc Bouchard wins face-off versus Stephen Weiss in Capitals zone.
7:58 of 1st period - Snap shot by Pierre-Marc Bouchard.
7:58 of 1st period - Deflect By Chris Higgins.
7:58 of 1st period - Goal by Chris Higgins - Capitals : 0 - Blackhawks : 1.
7:59 of 1st period - Pavel Datsyuk wins face-off versus Robert Nilsson in neutral zone.
8:14 of 1st period - Wrist shot by Kris Versteeg.
8:14 of 1st period - Stopped by Jaroslav Halak with a rebound.
8:26 of 1st period - Mark Streit is hit by Henrik Zetterberg and loses puck.
8:55 of 1st period - Brian Campbell is hit by Dominic Moore.
9:13 of 1st period - Victor Hedman is hit by James Neal and loses puck.
10:13 of 1st period - Mikael Samuelsson is hit by Brent Burns and loses puck.
10:36 of 1st period - Snap shot by Dominic Moore.
10:36 of 1st period - Shot Blocked by Brent Seabrook.
11:07 of 1st period - Snap shot by Phil Kessel.
11:07 of 1st period - Stopped by Tyler Weiman with a rebound.
11:18 of 1st period - Minor Penalty to Marek Zidlicky for Hooking.
11:19 of 1st period - Pavel Datsyuk wins face-off versus Robert Nilsson in Capitals zone.
11:29 of 1st period - Snap shot by Pavel Datsyuk.
11:29 of 1st period - Stopped by Tyler Weiman without a rebound.
11:30 of 1st period - Pavel Datsyuk wins face-off versus Henrik Zetterberg in Blackhawks zone.
11:37 of 1st period - Thomas Vanek is hit by Henrik Zetterberg.
13:02 of 1st period - Duncan Keith is hit by Brent Burns and loses puck.
13:18 of 1st period - Penalty to Marek Zidlicky is over, Marek Zidlicky is back on ice.
13:48 of 1st period - Ryan Malone is hit by Marek Zidlicky and loses puck.
14:09 of 1st period - Viktor Kozlov is hit by Ryan Callahan and loses puck.
14:27 of 1st period - Jeff Schultz is hit by Mark Streit and loses puck.
14:40 of 1st period - Phil Kessel is hit by Dominic Moore and loses puck.
14:45 of 1st period - Slapshot by Dominic Moore.
14:45 of 1st period - Deflect By Sheldon Keefe.
14:45 of 1st period - Stopped by Jaroslav Halak with a rebound.
15:39 of 1st period - Brent Burns is hit by Ryan Callahan and loses puck.
15:54 of 1st period - Slapshot by Steve Bernier.
15:54 of 1st period - Shot Blocked by Brent Seabrook.
16:10 of 1st period - Off-side.
16:11 of 1st period - Stephen Weiss wins face-off versus Robert Nilsson in neutral zone.
16:20 of 1st period - Slapshot by Thomas Vanek.
16:20 of 1st period - Shot Misses the Net.
16:22 of 1st period - Wrist shot by Stephen Weiss.
16:22 of 1st period - Shot Misses the Net.
16:38 of 1st period - Ryan Callahan is hit by Henrik Zetterberg and loses puck.
17:05 of 1st period - Snap shot by Phil Kessel.
17:05 of 1st period - Deflect By Pavel Datsyuk.
17:05 of 1st period - Shot Misses the Net.
17:05 of 1st period - Puck is out of play.
17:06 of 1st period - Pavel Datsyuk wins face-off versus Robert Nilsson in Blackhawks zone.
17:09 of 1st period - Slapshot by Phil Kessel.
17:09 of 1st period - Shot Misses the Net.
17:15 of 1st period - Keith Yandle is hit by Brent Burns and loses puck.
17:30 of 1st period - Henrik Zetterberg is hit by James Neal and loses puck.
19:22 of 1st period - Snap shot by Robert Nilsson.
19:22 of 1st period - Shot Blocked by Tyler Johnson.
19:24 of 1st period - Snap shot by Kris Versteeg.
19:24 of 1st period - Stopped by Jaroslav Halak without a rebound.
19:25 of 1st period - Robert Nilsson wins face-off versus Tyler Johnson in Capitals zone.
19:30 of 1st period - Snap shot by Chris Higgins.
19:30 of 1st period - Stopped by Jaroslav Halak with a rebound.
19:32 of 1st period - Backhand shot by Chris Higgins.
19:32 of 1st period - Stopped by Jaroslav Halak without a rebound.
19:33 of 1st period - Pavel Datsyuk wins face-off versus Robert Nilsson in Capitals zone.
19:40 of 1st period - Wrist shot by Chris Higgins.
19:40 of 1st period - Shot Blocked by Pavel Datsyuk.
Goals for this period are 0 for Capitals vs 1 for Blackhawks.
Shots for this period are 3 for Capitals vs 13 for Blackhawks.

2nd period


0:01 of 2nd period - Pavel Datsyuk wins face-off versus Robert Nilsson in neutral zone.
0:06 of 2nd period - Wrist shot by Phil Kessel.
0:06 of 2nd period - Stopped by Tyler Weiman without a rebound.
0:07 of 2nd period - Pavel Datsyuk wins face-off versus Robert Nilsson in Blackhawks zone.
0:36 of 2nd period - Wrist shot by Chris Higgins.
0:36 of 2nd period - Shot Misses the Net.
0:40 of 2nd period - Snap shot by Chris Higgins.
0:40 of 2nd period - Shot Misses the Net.
0:42 of 2nd period - Wrist shot by Robert Nilsson.
0:42 of 2nd period - Stopped by Jaroslav Halak with a rebound.
0:44 of 2nd period - Wrist shot by Kris Versteeg.
0:44 of 2nd period - Deflect By Robert Nilsson.
0:44 of 2nd period - Stopped by Jaroslav Halak without a rebound.
0:45 of 2nd period - Stephen Weiss wins face-off versus Pierre-Marc Bouchard in Capitals zone.
0:47 of 2nd period - Minor Penalty to Thomas Vanek for Interference.
0:48 of 2nd period - Kris Versteeg wins face-off versus Pavel Datsyuk in Capitals zone.
1:22 of 2nd period - Slapshot by Victor Hedman.
1:22 of 2nd period - Deflect By Chris Higgins.
1:22 of 2nd period - Stopped by Jaroslav Halak with a rebound.
1:24 of 2nd period - Snap shot by Steve Bernier.
1:24 of 2nd period - Shot Blocked by James Neal.
2:47 of 2nd period - Penalty to Thomas Vanek is over, Thomas Vanek is back on ice.
2:56 of 2nd period - Slapshot by Daniel Carcillo.
2:56 of 2nd period - Shot Misses the Net.
3:02 of 2nd period - Daniel Carcillo is hit by Jakub Voracek and loses puck.
3:19 of 2nd period - Slapshot by Ryan Malone.
3:19 of 2nd period - Stopped by Jaroslav Halak with a rebound.
3:35 of 2nd period - Snap shot by Tyler Johnson.
3:35 of 2nd period - Stopped by Tyler Weiman with a rebound.
3:37 of 2nd period - Slapshot by Keith Yandle.
3:37 of 2nd period - Stopped by Tyler Weiman with a rebound.
3:52 of 2nd period - Brent Seabrook is hit by Wes O'Neill.
4:01 of 2nd period - Jakub Voracek is hit by Jamie Langenbrunner and loses puck.
5:26 of 2nd period - Sheldon Keefe is hit by Patrik Elias and loses puck.
5:47 of 2nd period - Snap shot by Pavel Datsyuk.
5:47 of 2nd period - Shot Misses the Net.
5:49 of 2nd period - Wrist shot by Phil Kessel.
5:49 of 2nd period - Stopped by Tyler Weiman with a rebound.
5:51 of 2nd period - Snap shot by James Neal.
5:51 of 2nd period - Shot Misses the Net.
5:53 of 2nd period - Backhand shot by James Neal.
5:53 of 2nd period - Stopped by Tyler Weiman without a rebound.
5:54 of 2nd period - Pierre-Marc Bouchard wins face-off versus Pavel Datsyuk in Blackhawks zone.
6:01 of 2nd period - Phil Kessel is hit by Pierre-Marc Bouchard and loses puck.
6:20 of 2nd period - Duncan Keith is hit by Wes O'Neill and loses puck.
6:47 of 2nd period - Slapshot by Dominic Moore.
6:47 of 2nd period - Deflect By Daniel Carcillo.
6:47 of 2nd period - Stopped by Jaroslav Halak without a rebound.
6:48 of 2nd period - Pavel Datsyuk wins face-off versus Pierre-Marc Bouchard in Capitals zone.
6:48 of 2nd period - Pavel Datsyuk is hit by Brent Burns.
7:01 of 2nd period - Minor Penalty to Steve Bernier for Hooking.
7:02 of 2nd period - Pavel Datsyuk wins face-off versus Jamie Langenbrunner in Blackhawks zone.
7:02 of 2nd period - Wrist shot by Thomas Vanek.
7:02 of 2nd period - Goal by Thomas Vanek - Capitals : 1 - Blackhawks : 1.
7:03 of 2nd period - Pavel Datsyuk wins face-off versus Robert Nilsson in neutral zone.
7:08 of 2nd period - Snap shot by Brent Seabrook.
7:08 of 2nd period - Shot Misses the Net.
7:12 of 2nd period - Wrist shot by Pavel Datsyuk.
7:12 of 2nd period - Stopped by Tyler Weiman with a rebound.
7:20 of 2nd period - Phil Kessel is hit by Kris Versteeg and loses puck.
7:35 of 2nd period - Snap shot by Stephen Weiss.
7:35 of 2nd period - Shot Misses the Net.
7:37 of 2nd period - Wrist shot by Stephen Weiss.
7:37 of 2nd period - Goal by Stephen Weiss - Capitals : 2 - Blackhawks : 1.
7:38 of 2nd period - Pavel Datsyuk wins face-off versus Robert Nilsson in neutral zone.
7:55 of 2nd period - Phil Kessel is hit by Robert Nilsson and loses puck.
8:10 of 2nd period - Wrist shot by Stephen Weiss.
8:10 of 2nd period - Shot Blocked by Brent Burns.
8:12 of 2nd period - Slapshot by Brent Seabrook.
8:12 of 2nd period - Shot Misses the Net.
8:14 of 2nd period - Slapshot by Thomas Vanek.
8:14 of 2nd period - Stopped by Tyler Weiman with a rebound.
8:16 of 2nd period - Snap shot by Stephen Weiss.
8:16 of 2nd period - Shot Blocked by Henrik Zetterberg.
8:51 of 2nd period - Slapshot by Victor Hedman.
8:51 of 2nd period - Shot Blocked by Mark Streit.
8:59 of 2nd period - Slapshot by Mikael Samuelsson.
8:59 of 2nd period - Goal by Mikael Samuelsson - Capitals : 3 - Blackhawks : 1.
9:00 of 2nd period - Robert Nilsson wins face-off versus Pavel Datsyuk in neutral zone.
10:33 of 2nd period - Snap shot by David Krejci.
10:33 of 2nd period - Shot Misses the Net.
10:45 of 2nd period - Snap shot by Mikael Samuelsson.
10:45 of 2nd period - Goal by Mikael Samuelsson - Capitals : 4 - Blackhawks : 1.
10:45 of 2nd period - Jocelyn Thibault enters game.
10:46 of 2nd period - Robert Nilsson wins face-off versus Pavel Datsyuk in neutral zone.
10:59 of 2nd period - Backhand shot by Robert Nilsson.
10:59 of 2nd period - Goal by Robert Nilsson - Capitals : 4 - Blackhawks : 2.
11:00 of 2nd period - Kris Versteeg wins face-off versus Pavel Datsyuk in neutral zone.
11:03 of 2nd period - Pavel Datsyuk is hit by Robert Nilsson.
11:34 of 2nd period - Slapshot by Stephen Weiss.
11:34 of 2nd period - Stopped by Jocelyn Thibault with a rebound.
11:36 of 2nd period - Wrist shot by Jakub Voracek.
11:36 of 2nd period - Shot Blocked by Henrik Zetterberg.
11:50 of 2nd period - Snap shot by Ryan Callahan.
11:50 of 2nd period - Shot Misses the Net.
11:58 of 2nd period - Wrist shot by Ryan Callahan.
11:58 of 2nd period - Stopped by Jocelyn Thibault with a rebound.
12:10 of 2nd period - Daniel Carcillo is hit by David Krejci.
12:16 of 2nd period - Slapshot by Keith Yandle.
12:16 of 2nd period - Shot Misses the Net.
12:31 of 2nd period - Wes O'Neill is hit by Marek Zidlicky and loses puck.
12:38 of 2nd period - Wes O'Neill is hit by Pavel Datsyuk and loses puck.
13:01 of 2nd period - Snap shot by Jamie Langenbrunner.
13:01 of 2nd period - Goal by Jamie Langenbrunner - Capitals : 4 - Blackhawks : 3.
13:02 of 2nd period - Robert Nilsson wins face-off versus James Neal in neutral zone.
13:05 of 2nd period - Wrist shot by Chris Higgins.
13:05 of 2nd period - Shot Blocked by Brent Seabrook.
13:36 of 2nd period - Wrist shot by Henrik Zetterberg.
13:36 of 2nd period - Stopped by Jaroslav Halak without a rebound.
13:37 of 2nd period - Pavel Datsyuk wins face-off versus Robert Nilsson in Capitals zone.
13:42 of 2nd period - Slapshot by Mark Streit.
13:42 of 2nd period - Shot Blocked by Victor Hedman.
14:18 of 2nd period - Slapshot by Pierre-Marc Bouchard.
14:18 of 2nd period - Shot Misses the Net.
14:29 of 2nd period - Minor Penalty to Jeff Schultz for Cross-checking.
14:30 of 2nd period - Dominic Moore wins face-off versus Pavel Datsyuk in Blackhawks zone.
15:24 of 2nd period - Slapshot by Mark Streit.
15:24 of 2nd period - Stopped by Jocelyn Thibault with a rebound.
15:26 of 2nd period - Backhand shot by Patrik Elias.
15:26 of 2nd period - Deflect By Stephen Weiss.
15:26 of 2nd period - Goal by Stephen Weiss - Capitals : 5 - Blackhawks : 3.
15:27 of 2nd period - Kris Versteeg wins face-off versus Pavel Datsyuk in neutral zone.
15:30 of 2nd period - Pavel Datsyuk is hit by Brent Burns and loses puck.
15:41 of 2nd period - Snap shot by Pavel Datsyuk.
15:41 of 2nd period - Shot Misses the Net.
15:43 of 2nd period - Slapshot by Brian Campbell.
15:43 of 2nd period - Shot Misses the Net.
16:00 of 2nd period - Minor Penalty to Patrik Elias for Holding.
16:01 of 2nd period - Robert Nilsson wins face-off versus Pavel Datsyuk in Capitals zone.
17:47 of 2nd period - Icing by Robert Nilsson.
17:48 of 2nd period - Pierre-Marc Bouchard wins face-off versus Stephen Weiss in Blackhawks zone.
18:00 of 2nd period - Penalty to Patrik Elias is over, Patrik Elias is back on ice.
18:17 of 2nd period - Pavel Datsyuk is hit by Brent Burns and loses puck.
18:48 of 2nd period - Snap shot by Henrik Zetterberg.
18:48 of 2nd period - Shot Misses the Net.
18:50 of 2nd period - Snap shot by Pierre-Marc Bouchard.
18:50 of 2nd period - Shot Blocked by Ryan Callahan.
19:16 of 2nd period - Pavel Datsyuk is hit by Daniel Carcillo and loses puck.
19:31 of 2nd period - Wrist shot by Thomas Vanek.
19:31 of 2nd period - Shot Misses the Net.
Goals for this period are 5 for Capitals vs 2 for Blackhawks.
Shots for this period are 15 for Capitals vs 8 for Blackhawks.

3rd period


0:01 of 3rd period - Pavel Datsyuk wins face-off versus Robert Nilsson in neutral zone.
1:05 of 3rd period - Off-side.
1:06 of 3rd period - Viktor Kozlov wins face-off versus David Krejci in neutral zone.
1:21 of 3rd period - Slapshot by Mikael Samuelsson.
1:21 of 3rd period - Shot Misses the Net.
1:50 of 3rd period - Slapshot by Thomas Vanek.
1:50 of 3rd period - Shot Misses the Net.
1:52 of 3rd period - Slapshot by Marek Zidlicky.
1:52 of 3rd period - Stopped by Jocelyn Thibault without a rebound.
1:52 of 3rd period - Minor Penalty to Jocelyn Thibault for Slashing.
1:53 of 3rd period - Thomas Vanek wins face-off versus Dominic Moore in Blackhawks zone.
1:56 of 3rd period - Wrist shot by Thomas Vanek.
1:56 of 3rd period - Shot Misses the Net.
1:58 of 3rd period - Snap shot by Pavel Datsyuk.
1:58 of 3rd period - Stopped by Jocelyn Thibault with a rebound.
2:00 of 3rd period - Wrist shot by Thomas Vanek.
2:00 of 3rd period - Stopped by Jocelyn Thibault with a rebound.
2:02 of 3rd period - Wrist shot by Duncan Keith.
2:02 of 3rd period - Deflect By Pavel Datsyuk.
2:02 of 3rd period - Goal by Pavel Datsyuk - Capitals : 6 - Blackhawks : 3.
2:03 of 3rd period - Pavel Datsyuk wins face-off versus Robert Nilsson in neutral zone.
2:08 of 3rd period - Wrist shot by Phil Kessel.
2:08 of 3rd period - Stopped by Jocelyn Thibault without a rebound.
2:09 of 3rd period - Pavel Datsyuk wins face-off versus Robert Nilsson in Blackhawks zone.
2:30 of 3rd period - Minor Penalty to Chris Higgins for Hooking.
2:31 of 3rd period - Pavel Datsyuk wins face-off versus Dominic Moore in Blackhawks zone.
4:30 of 3rd period - Penalty to Chris Higgins is over, Chris Higgins is back on ice.
4:34 of 3rd period - Snap shot by Daniel Carcillo.
4:34 of 3rd period - Deflect By Pierre-Marc Bouchard.
4:34 of 3rd period - Shot Misses the Net.
4:34 of 3rd period - Puck is out of play.
4:35 of 3rd period - James Neal wins face-off versus Robert Nilsson in Capitals zone.
4:57 of 3rd period - Kris Versteeg is hit by Jakub Voracek.
5:01 of 3rd period - Chris Campoli is hit by Mark Streit and loses puck.
5:37 of 3rd period - Robert Nilsson is hit by Brent Seabrook and loses puck.
5:46 of 3rd period - Victor Hedman is hit by Mark Streit and loses puck.
5:47 of 3rd period - Victor Hedman from Blackhawks is injured at 5:47 of 3rd period (Bruised Right Arm).
5:48 of 3rd period - Stephen Weiss wins face-off versus Robert Nilsson in Blackhawks zone.
6:40 of 3rd period - Slapshot by Daniel Carcillo.
6:40 of 3rd period - Shot Misses the Net.
6:54 of 3rd period - Minor Penalty to Brian Campbell for Hooking.
6:55 of 3rd period - Pavel Datsyuk wins face-off versus Robert Nilsson in Capitals zone.
7:06 of 3rd period - Duncan Keith is hit by Henrik Zetterberg.
7:31 of 3rd period - Off-side.
7:32 of 3rd period - Robert Nilsson wins face-off versus Pavel Datsyuk in neutral zone.
8:54 of 3rd period - Penalty to Brian Campbell is over, Brian Campbell is back on ice.
9:07 of 3rd period - Wrist shot by Jamie Langenbrunner.
9:07 of 3rd period - Shot Misses the Net.
9:09 of 3rd period - Snap shot by Chris Campoli.
9:09 of 3rd period - Deflect By Viktor Kozlov.
9:09 of 3rd period - Stopped by Jaroslav Halak without a rebound.
9:10 of 3rd period - Viktor Kozlov wins face-off versus Tyler Johnson in Capitals zone.
9:47 of 3rd period - Slapshot by Brent Seabrook.
9:47 of 3rd period - Stopped by Jocelyn Thibault with a rebound.
10:46 of 3rd period - Slapshot by Marek Zidlicky.
10:46 of 3rd period - Stopped by Jocelyn Thibault without a rebound.
10:47 of 3rd period - Matt Martin wins face-off versus Kris Versteeg in Blackhawks zone.
10:56 of 3rd period - Wrist shot by David Krejci.
10:56 of 3rd period - Stopped by Jocelyn Thibault without a rebound.
10:57 of 3rd period - Stephen Weiss wins face-off versus Robert Nilsson in Blackhawks zone.
11:00 of 3rd period - Snap shot by Jakub Voracek.
11:00 of 3rd period - Shot Blocked by Jeff Schultz.
11:22 of 3rd period - Slapshot by Tyler Johnson.
11:22 of 3rd period - Deflect By Ryan Callahan.
11:22 of 3rd period - Stopped by Jocelyn Thibault with a rebound.
11:24 of 3rd period - Wrist shot by Tyler Johnson.
11:24 of 3rd period - Shot Misses the Net.
11:26 of 3rd period - Backhand shot by Tyler Johnson.
11:26 of 3rd period - Shot Blocked by Brent Burns.
11:28 of 3rd period - Slapshot by Mark Streit.
11:28 of 3rd period - Stopped by Jocelyn Thibault with a rebound.
11:30 of 3rd period - Slapshot by Mark Streit.
11:30 of 3rd period - Stopped by Jocelyn Thibault without a rebound.
11:31 of 3rd period - Pierre-Marc Bouchard wins face-off versus Stephen Weiss in Blackhawks zone.
12:03 of 3rd period - Snap shot by Sheldon Keefe.
12:03 of 3rd period - Goal by Sheldon Keefe - Capitals : 6 - Blackhawks : 4.
12:04 of 3rd period - Robert Nilsson wins face-off versus Stephen Weiss in neutral zone.
12:09 of 3rd period - Wrist shot by Chris Higgins.
12:09 of 3rd period - Stopped by Jaroslav Halak without a rebound.
12:10 of 3rd period - Robert Nilsson wins face-off versus Stephen Weiss in Capitals zone.
12:41 of 3rd period - Snap shot by Pierre-Marc Bouchard.
12:41 of 3rd period - Shot Blocked by Duncan Keith.
13:43 of 3rd period - Thomas Vanek is hit by Robert Nilsson.
14:29 of 3rd period - Slapshot by Dominic Moore.
14:29 of 3rd period - Deflect By Daniel Carcillo.
14:29 of 3rd period - Stopped by Jaroslav Halak with a rebound.
14:31 of 3rd period - Wrist shot by Sheldon Keefe.
14:31 of 3rd period - Shot Misses the Net.
15:11 of 3rd period - Icing by Jakub Voracek.
15:12 of 3rd period - Stephen Weiss wins face-off versus Viktor Kozlov in Capitals zone.
15:29 of 3rd period - Thomas Vanek is hit by Chris Campoli and loses puck.
15:54 of 3rd period - Snap shot by Pierre-Marc Bouchard.
15:54 of 3rd period - Shot Misses the Net.
16:01 of 3rd period - Icing by Jakub Voracek.
16:02 of 3rd period - Thomas Vanek wins face-off versus Robert Nilsson in Capitals zone.
16:09 of 3rd period - Slapshot by Ryan Callahan.
16:09 of 3rd period - Stopped by Jocelyn Thibault with a rebound.
16:11 of 3rd period - Snap shot by Tyler Johnson.
16:11 of 3rd period - Shot Blocked by Chris Campoli.
16:19 of 3rd period - Patrik Elias is hit by Wes O'Neill and loses puck.
16:34 of 3rd period - Snap shot by Pavel Datsyuk.
16:34 of 3rd period - Shot Misses the Net.
16:54 of 3rd period - Slapshot by Chris Higgins.
16:54 of 3rd period - Shot Misses the Net.
16:56 of 3rd period - Slapshot by Wes O'Neill.
16:56 of 3rd period - Stopped by Jaroslav Halak with a rebound.
16:58 of 3rd period - Slapshot by Chris Campoli.
16:58 of 3rd period - Deflect By Robert Nilsson.
16:58 of 3rd period - Stopped by Jaroslav Halak with a rebound.
17:00 of 3rd period - Backhand shot by Wes O'Neill.
17:00 of 3rd period - Shot Misses the Net.
17:36 of 3rd period - Snap shot by Robert Nilsson.
17:36 of 3rd period - Stopped by Jaroslav Halak with a rebound.
17:38 of 3rd period - Wrist shot by Chris Higgins.
17:38 of 3rd period - Shot Blocked by Mikael Samuelsson.
17:40 of 3rd period - Snap shot by Robert Nilsson.
17:40 of 3rd period - Shot Blocked by Brian Campbell.
17:42 of 3rd period - Wrist shot by Robert Nilsson.
17:42 of 3rd period - Goal by Robert Nilsson - Capitals : 6 - Blackhawks : 5.
17:43 of 3rd period - Dominic Moore wins face-off versus Tyler Johnson in neutral zone.
17:50 of 3rd period - Wrist shot by Dominic Moore.
17:50 of 3rd period - Shot Misses the Net.
17:52 of 3rd period - Slapshot by Sheldon Keefe.
17:52 of 3rd period - Deflect By Daniel Carcillo.
17:52 of 3rd period - Goal by Daniel Carcillo - Capitals : 6 - Blackhawks : 6.
17:53 of 3rd period - Dominic Moore wins face-off versus Ryan Callahan in neutral zone.
18:06 of 3rd period - Wrist shot by Patrik Elias.
18:06 of 3rd period - Stopped by Jocelyn Thibault with a rebound.
18:08 of 3rd period - Snap shot by Patrik Elias.
18:08 of 3rd period - Stopped by Jocelyn Thibault without a rebound.
18:09 of 3rd period - Pierre-Marc Bouchard wins face-off versus Pavel Datsyuk in Blackhawks zone.
18:44 of 3rd period - Snap shot by Dominic Moore.
18:44 of 3rd period - Shot Misses the Net.
18:46 of 3rd period - Slapshot by Andy Rogers.
18:46 of 3rd period - Shot Misses the Net.
19:37 of 3rd period - Snap shot by Mikael Samuelsson.
19:37 of 3rd period - Stopped by Jocelyn Thibault with a rebound.
Goals for this period are 1 for Capitals vs 3 for Blackhawks.
Shots for this period are 15 for Capitals vs 9 for Blackhawks.

Overtime #1


0:01 of 1st overtime period - Pavel Datsyuk wins face-off versus Robert Nilsson in neutral zone.
0:14 of 1st overtime period - Wrist shot by Pavel Datsyuk.
0:14 of 1st overtime period - Stopped by Jocelyn Thibault with a rebound.
0:16 of 1st overtime period - Slapshot by Duncan Keith.
0:16 of 1st overtime period - Deflect By Pavel Datsyuk.
0:16 of 1st overtime period - Goal by Pavel Datsyuk - Capitals : 7 - Blackhawks : 6.
Goals for this period are 1 for Capitals vs 0 for Blackhawks.
Shots for this period are 2 for Capitals vs 0 for Blackhawks.


Output by the SimonT Hockey Simulator (STHS) for François Prévost -- Original Page W3C XHTML 1.0 Valid
Hockey Simulator - Hockey Simulation - Hockey Manager